 Dungeon Crawl Stone Soup version 0.18.1-48-g4cf74bf (webtiles) character file.

45 zultag the Magician (level 3, -4/22 HPs)
             Began as an Octopode Wizard on Sept 6, 2016.
             Slain by a gnoll
             ... wielding a +0 flail
              (14 damage)
             ... on level 2 of the Dungeon.
             The game lasted 00:34:23 (2215 turns).

zultag the Magician (Octopode Wizard)               Turns: 2215, Time: 00:34:23

Health: -4/22      AC:  1    Str:  6    XL:     3   Next: 64%
Magic:  4/8        EV: 12    Int: 21    God:
Gold:   119        SH:  0    Dex: 10    Spells: 4 memorised, 1 level left

rFire  . . .     SeeInvis .     e - +2 hand axe
rCold  . . .     Gourm    .     (no shield)
rNeg   . . .     Faith    .     a - +0 hat
rPois  .         Spirit   .     (no amulet)
rElec  .         Dismiss  .     (no ring)
rCorr  .         Reflect  .     (no ring)
SustAt .         Harm     .     (no ring)
MR     .....                    (no ring)
Stlth  +++.......               (no ring)
                                (no ring)
                                (no ring)
                                (no ring)

@: not resistant to hostile enchantments, fairly stealthy
A: almost no armour, amphibious, 8 rings, constrict 8, camouflage 1, gelatinous
body 1
a: no special abilities


You were on level 2 of the Dungeon.
You were not hungry.

You visited 1 branch of the dungeon, and saw 2 of its levels.

You collected 119 gold pieces.

Inventory:

Hand Weapons
 e - a +2 hand axe (weapon)
 g - a +0 whip
 v - a +0 short sword
 w - a +0 hunting sling
Missiles
 f - 40 stones (quivered)
 i - 15 poisoned needles
Armour
 a - a +0 hat (worn)
 d - a +0 robe
 o - a +1 pair of gloves
 x - a +0 pair of gloves
Scrolls
 j - a scroll of teleportation {unknown}
 n - 2 scrolls of remove curse
 r - a scroll of random uselessness {unknown}
 u - 2 scrolls of identify
Potions
 k - a potion of mutation {unknown}
 l - 2 potions of ambrosia
 m - a potion of resistance {unknown}
 p - a potion of lignification {unknown}
 q - a potion of might {unknown}
 s - a potion of magic {unknown}
 t - a potion of curing {unknown}
Books
 b - a book of Minor Magic

   Spells                             Type                      Level
   a - Magic Dart                     Conjuration                  1
   b - Blink                          Translocation                2
   c - Call Imp                       Summoning                    2
   d - Repel Missiles                 Charms/Air                   2
   e - Slow                           Hexes                        2
   f - Conjure Flame                  Conjuration/Fire             3
   g - Mephitic Cloud                 Conjuration/Poison/Air       3
Comestibles
 c - a bread ration


   Skills:
 + Level 0.6 Fighting
 + Level 0.2 Axes
 + Level 0.2 Throwing
 + Level 2.2 Dodging
 + Level 2.8 Stealth
 + Level 3.7 Spellcasting
 + Level 1.0 Conjurations
 + Level 1.6 Summonings
 + Level 1.0 Translocations


You had one spell level left.
You knew the following spells:

 Your Spells              Type           Power        Failure   Level  Hunger
a - Magic Dart            Conj           #...         12%         1    None
b - Call Imp              Summ           ##......     12%         2    ##.....
c - Blink                 Tloc           N/A          14%         2    ##.....
d - Conjure Flame         Conj/Fire      #.......     34%         3    ###....


Dungeon Overview and Level Annotations

Branches:
Dungeon (2/15)

Altars:

Annotations:
D:2 Sigmund


Innate Abilities, Weirdness & Mutations

You cannot wear most types of armour.
You are amphibious.
You can wear up to eight rings at the same time.
You can use your tentacles to constrict eight enemies at once.
Your skin changes colour to match your surroundings (Stealth).
Your rubbery body absorbs attacks (AC +1).


Message History

HP restored.
There is a stone staircase leading down here.
You climb downwards.
Level annotation: Sigmund The gnoll barely misses you.
The gnoll misses you.
There is a stone staircase leading up here.
Casting: Call Imp
Confirm with . or Enter, or press ? or * to list all spells.
A beastly little devil appears in a puff of frigid air.
The gnoll hits you but does no damage. The gnoll closely misses you.
The gnoll hits you with a flail.
Casting: Call Imp
Confirm with . or Enter, or press ? or * to list all spells.
A beastly little devil appears in a puff of flame.
Your crimson imp says, "I bow to your fealty, O magnificent and soft-tentacled ban!"
The gnoll closely misses you.
The gnoll hits you from afar with a spear.
The gnoll hits you with a flail!
Ouch! That really hurt!
You die...

### ### ### #.# #.# #.# #.#
#.#################.# #.#
#................##.#
#.###.##############.##.#
#......5.###########.##.##
#.###.##5@gg..(.(.g.ยง.....
#.# #.##g##########..##.##
######.###.##.#### #..##.#
#................. ........
######.###.##.####
.......... #.# #.##.#
##.##..##.## #.# #'##.
###......##.# #.#
.....####...........#
#.#.....>.......... ...


You could see 3 gnolls, a friendly crimson imp and a friendly white imp.

Vanquished Creatures
  An adder (D:2)
  A dart slug (D:1)
  A giant cockroach (D:1)
  A goblin (D:2)
  A hobgoblin (D:1)
  A jackal (D:2)
  2 bats (D:2)
  A giant newt (D:1)
  A kobold (D:1)
  3 rats
13 creatures vanquished.

Vanquished Creatures (collateral kills)
  3 worms (D:2)
  A giant cockroach (D:2)
  6 goblins
  3 hobgoblins (D:2)
  2 jackals (D:2)
  A quokka (D:2)
  4 bats
  A kobold (D:2)
  3 rats
24 creatures vanquished.

Grand Total: 37 creatures vanquished

Notes
Turn   | Place    | Note
--------------------------------------------------------------
     0 | D:1      | zultag the Octopode Wizard began the quest for the Orb.
     0 | D:1      | Reached XP level 1. HP: 11/11 MP: 4/4
   274 | D:1      | Reached XP level 2. HP: 17/17 MP: 1/6
   278 | D:1      | Learned a level 2 spell: Call Imp
   281 | D:1      | Learned a level 2 spell: Blink
  1159 | D:2      | Reached XP level 3. HP: 10/22 MP: 5/8
  1375 | D:2      | Learned a level 3 spell: Conjure Flame
  1740 | D:2      | Noticed Sigmund
  2215 | D:2      | Slain by a gnoll

Action                   || total
-------------------------++-------
Melee: Whip              ||    12
       Tentacles         ||     5
       Constrict         ||    11
       Hand axe          ||    19
       Hunting sling     ||     3
 Fire: Hunting sling     ||     5
Throw: Stone             ||    29
 Cast: Magic Dart        ||    10
       Call Imp          ||    35
       Blink             ||     1
  Use: Scroll            ||     4
       Potion            ||     1
  Eat: Bread ration      ||     2
Armor: Skin              ||    12
Dodge: Dodged            ||    46
